 Dungeon Crawl Stone Soup version 0.30-a0-824-g6c64550be9 (webtiles) character file.

Game seed: 3064727134484496593

8748 cforsyth the Covert (level 11, -1/64 HPs)
             Began as a Kobold Brigand on Feb 27, 2023.
             Was an Elder of Hepliaklqana.
             Slain by a yak (3 damage)
             ... while petrified by a basilisk
             ... on level 11 of the Dungeon.
             The game lasted 00:14:57 (10211 turns).

cforsyth the Covert (Kobold Brigand)               Turns: 10211, Time: 00:14:58

Health: -1/64      AC:  8    Str:  8    XL:     11   Next: 61%
Magic:  11/11      EV:  3    Int: 12    God:    Hepliaklqana [****..]
Gold:   474        SH:  0    Dex: 22    Spells: 10/10 levels left

rFire   . . .      SeeInvis .    a - +2 dagger
rCold   + . .      Faith    .    (no shield)
rNeg    + + +      Spirit   .    b - +0 robe
rPois   ∞          Reflect  +    A - +0 helmet
rElec   .          Harm     .    c - +0 cloak
rCorr   .          Rampage  .    I - +0 pair of gloves
Will    .....                    L - +2 pair of boots {Stlth+}
Stlth   ++++++++                 t - amulet of reflection
HPRegen 0.30/turn                p - ring of protection from cold
MPRegen 0.12/turn                D - ring of positive energy

@: petrified
A: reduced essence, small, no large weapons, nightstalker 3
a: Renounce Religion, Recall Ancestor, Ancestor Identity, Transference, Idealise


You were on level 11 of the Dungeon.
You worshipped Hepliaklqana.
Hepliaklqana was greatly pleased with you.
You visited 2 branches of the dungeon, and saw 12 of its levels.

You collected 839 gold pieces.
You spent 365 gold pieces at shops.

Inventory:

Hand Weapons
 a - a +2 dagger (weapon)
 s - a +0 hand axe
Missiles
 d - 53 poisoned darts (quivered)
 e - 3 curare-tipped darts
 l - a throwing net
Armour
 b - a +0 robe (worn)
 c - a +0 cloak (worn)
 A - a +0 helmet (worn)
 I - a +0 pair of gloves (worn)
 L - a +2 pair of boots of stealth (worn)
 N - a +0 troll leather armour
Jewellery
 p - a ring of protection from cold (left hand)
 t - an amulet of reflection (around neck)
 D - a ring of positive energy (right hand)
Wands
 r - a wand of iceblast (6)
 x - a wand of mindburst (18)
 M - a wand of flame (6)
Scrolls
 f - 3 scrolls of enchant armour {unknown}
 g - a scroll of fear {unknown}
 h - 4 scrolls of noise {unknown}
 i - 2 scrolls of immolation {unknown}
 j - 4 scrolls of teleportation {unknown}
 k - 2 scrolls of amnesia {unknown}
 n - 5 scrolls of identify {unknown}
 y - 4 scrolls of poison {unknown}
 z - a scroll of enchant weapon {unknown}
 B - 3 scrolls of vulnerability {unknown}
 C - a scroll of fog {unknown}
 K - a scroll of blinking {unknown}
Potions
 m - 2 potions of curing
 o - 2 potions of degeneration {unknown}
 q - 2 potions of heal wounds {unknown}
 u - 3 potions of cancellation {unknown}
 v - a potion of attraction {unknown}
 w - a potion of haste {unknown}
 E - a potion of mutation {unknown}
 F - 4 potions of flight {unknown}
 G - 2 potions of magic {unknown}
 H - 2 potions of invisibility {unknown}
 J - 3 potions of resistance {unknown}


   Skills:
 + Level 9.8 Fighting
 + Level 11.7 Short Blades
 - Level 2.1 Throwing
 + Level 10.4 Dodging
 + Level 13.3 Stealth


You had 10 spell levels left.
You didn't know any spells.
Your spell library contained the following spells:

 Spells                   Type           Power      Damage    Failure   Level
 Apportation              Tloc           0%         N/A       32%         1
 Kiss of Death            Conj/Necr      0%         2d5       32%         1
 Sting                    Tmut/Pois      0%         1d3       32%         1
 Poisonous Vapours        Pois/Air       0%         N/A       45%         2
 Confusing Touch          Hex            0%         N/A       69%         3
 Dispel Undead            Necr           0%         3d6       97%         4
 Olgreb's Toxic Radiance  Pois           0%         N/A       97%         4
 Alistair's Intoxication  Tmut/Pois      0%         N/A       100%        5


Dungeon Overview and Level Annotations

Branches:
Dungeon (11/15)            Temple (1/1) D:6            Lair (0/5) D:11
    Orc: D:9-12

Altars:
Ashenzari
Cheibriados
Dithmenos
Elyvilon
Fedhas
Gozag
Hepliaklqana
Kikubaaqudgha
Makhleb
Nemelex Xobeh
Okawaru
Qazlal
Ru
Sif Muna
Trog
Uskayaw
Vehumet
Wu Jian
Xom
Yredelemnul
Zin
The Shining One

Shops:
D:1 *   D:9 ([[[!

Annotations:
D:10 3 runed translucent doors


Innate Abilities, Weirdness & Mutations

Your life essence is reduced to manifest your ancestor. (-10% HP)
You are small and have problems with some larger weapons.
You are completely attuned to the shadows.


Message History

The basilisk seems to slow down.
The wyvern bites you. The yak gores you.
The water moccasin bites you but does no damage.
The wyvern barely misses you.
The water moccasin bites you but does no damage.
The yak gores you! The yak gores you. The wyvern bites you!
A wyvern comes into view.
The water moccasin bites you but does no damage.
The water moccasin bites you.
The basilisk bites Leofsige.
Leofsige casts a spell at the basilisk.
The basilisk resists with significant effort.
The wyvern completely misses you. The yak gores you. The yak gores you!
The water moccasin bites you.
A water moccasin comes into view.
The water moccasin bites you! The wyvern bites you!
Leofsige casts a spell at the basilisk.
The basilisk seems to slow down.
The basilisk bites the yak.
The basilisk bites itself!
The basilisk is killed!
The yak gores you!
* * * LOW HITPOINT WARNING * * *
The water moccasin barely misses you.
The water moccasin bites you but does no damage.
The wyvern bites you but does no damage.
The water moccasin bites you.
* * * LOW HITPOINT WARNING * * *
The water moccasin bites you.
* * * LOW HITPOINT WARNING * * *
A wyvern comes into view.
Leofsige hits the yak with a +0 dagger of draining.
Leofsige drains the yak.
The yak gores you!
* * * LOW HITPOINT WARNING * * *
The water moccasin bites you.
* * * LOW HITPOINT WARNING * * *
Leofsige points at the yak and mumbles some strange words.
The yak resists with significant effort.
The water moccasin bites you. The wyvern bites you. The wyvern bites you!
* * * LOW HITPOINT WARNING * * *
The yak closely misses Leofsige.
The yak gores you.
You die...

...>...'.....###......####.#R.
....(..#####...'......# #.'..
.......# #####......# ###..
####'### ##..### ### ##...#
###.P♣PP# #..### ##P....$.P
#.## ##.PP..P
##'#########..lSP..
#.............@l..P
#............SYYS..
#.........#...RY.PP
#.........#..P.PPl>
#.........#......P.


You could see the friendly Leofsige the hexer, 3 yaks, 3 water moccasins and 3
wyverns.

Vanquished Creatures
  2 two-headed ogres
  A cyclops (D:11)
  An ugly thing (D:8)
  2 unseen horror zombies (D:9)
  A troll (D:10)
  A wraith (D:10)
  Sigmund (D:4)
  A wyvern (D:9)
  3 steam dragons
  A basilisk (D:11)
  6 yaks
  Menkaure (D:7)
  2 water moccasins
  An acid dragon (D:7)
  2 orc warriors
  A centaur (D:5)
  A phantom (D:5)
  3 bullfrogs (D:7)
  2 kobold brigands (D:9)
  2 gnoll sergeants
  2 scorpions
  8 wights
  5 killer bees
  A howler monkey (D:6)
  3 hounds
  2 orc priests
  Ijyb (D:4)
  2 orc wizards
  2 killer bee zombies (D:9)
  A gnoll (D:6)
  10 adders
  A shadow imp (D:7)
  3 white imps
  An ufetubus (D:7)
  A worm (D:4)
  2 dart slugs (D:1)
  12 orcs
  5 bats
  6 endoplasms
  2 giant cockroaches
  12 goblins
  5 hobgoblins
  3 quokkas
  7 ball pythons
  7 frilled lizards
  18 kobolds
  5 rats
162 creatures vanquished.

Vanquished Creatures (collateral kills)
  A hornet (D:9)
  A vampire (D:10)
  5 yaks (D:10)
  An orc warrior (D:10)
  Blork the orc (D:6)
  2 wights (D:9)
  A killer bee (D:9)
  A centaur zombie (D:9)
  A hound (D:6)
  2 orc priests
  An iguana (D:6)
  3 orc wizards
  A howler monkey zombie (D:9)
  4 gnolls (D:6)
  12 orcs
  A ball python (D:4)
38 creatures vanquished.

Vanquished Creatures (others)
  A hexer (D:6)
  A rat (D:1)
  A fungus (D:11)
  5 plants
8 creatures vanquished.

Grand Total: 208 creatures vanquished

Notes
Turn   | Place    | Note
-------+----------+-------------------------------------------
     0 | D:1      | cforsyth the Kobold Brigand began the quest for the Orb.
     0 | D:1      | Reached XP level 1. HP: 12/12 MP: 1/1
   129 | D:1      | Reached XP level 2. HP: 18/18 MP: 2/2
   185 | D:1      | Reached XP level 3. HP: 17/22 MP: 3/3
   303 | D:1      | Found Gufonel's General Store.
   651 | D:2      | Reached XP level 4. HP: 13/27 MP: 4/4
   869 | D:2      | Found a hazy altar of Hepliaklqana.
   877 | D:2      | Became a worshipper of Hepliaklqana the Forgotten
   953 | D:2      | Reached skill level 6 in Stealth
  1336 | D:3      | Reached XP level 5. HP: 32/32 MP: 5/5
  1501 | D:3      | Reached * piety under Hepliaklqana
  1561 | D:3      | Found a sparkling altar of Nemelex Xobeh.
  2296 | D:4      | Found a shimmering blue altar of Sif Muna.
  2382 | D:4      | Noticed Sigmund
  2394 | D:4      | Killed Sigmund
  2395 | D:4      | Reached skill level 7 in Stealth
  2395 | D:4      | Reached XP level 6. HP: 26/34 MP: 6/6
  2477 | D:4      | Noticed Ijyb
  2481 | D:4      | Killed Ijyb
  2482 | D:4      | Reached skill level 5 in Short Blades
  2726 | D:5      | Entered Level 5 of the Dungeon
  2736 | D:5      | Reached XP level 7. HP: 38/38 MP: 7/7
  2963 | D:5      | Reached ** piety under Hepliaklqana
  2964 | D:5      | Remembered your ancestor Leofsige as a hexer
  3469 | D:5      | Reached XP level 8. HP: 35/43 MP: 8/8
  3473 | D:5      | Reached skill level 5 in Fighting
  3473 | D:5      | Reached skill level 5 in Dodging
  3473 | D:5      | Reached skill level 8 in Stealth
  4193 | D:6      | Upgraded the game from 0.30-a0-808-g6e0788376e to
                  | 0.30-a0-824-g6c64550be9
  4240 | D:6      | Noticed Blork the orc
  4250 | D:6      | Killed Blork the orc
  4344 | D:6      | Found a staircase to the Ecumenical Temple.
  4355 | Temple   | Entered the Ecumenical Temple
  4889 | D:7      | Reached skill level 9 in Stealth
  5010 | D:7      | Reached *** piety under Hepliaklqana
  5088 | D:7      | Reached XP level 9. HP: 41/49 MP: 9/9
  5170 | D:7      | Noticed Menkaure
  5176 | D:7      | Killed Menkaure
  5882 | D:7      | Reached skill level 10 in Stealth
  6495 | D:8      | Noticed a cyan ugly thing
  6499 | D:8      | Killed a cyan ugly thing
  7080 | D:9      | Found Baguhego's Armour Shop.
  7097 | D:9      | Found Rinita Ciega's Distillery.
  7120 | D:9      | Reached XP level 10. HP: 56/56 MP: 10/10
  7141 | D:9      | Found Ikaqetu's Armour Shoppe.
  7147 | D:9      | Bought a +2 pair of boots of stealth for 365 gold pieces
  7168 | D:9      | Reached **** piety under Hepliaklqana
  7261 | D:9      | Reached skill level 11 in Stealth
  7687 | D:9      | Found Huthaefe's Weapon Boutique.
  7817 | D:9      | Noticed a two-headed ogre
  7825 | D:9      | Killed a two-headed ogre
  7826 | D:9      | Reached skill level 10 in Short Blades
  8170 | D:9      | Found Kamug's Antique Armour Shoppe.
  8312 | D:10     | Entered Level 10 of the Dungeon
  8318 | D:10     | Reached skill level 12 in Stealth
  8575 | D:10     | Reached XP level 11. HP: 45/62 MP: 11/11
  9137 | D:10     | Noticed a white ugly thing
  9147 | D:10     | Found a runed translucent gate.
  9148 | D:10     | Found a runed translucent gate.
  9149 | D:10     | Found a runed translucent gate.
  9275 | D:10     | Reached skill level 10 in Dodging
  9302 | D:10     | Reached skill level 13 in Stealth
  9326 | D:10     | Noticed a two-headed ogre
  9328 | D:10     | Killed a two-headed ogre
  9376 | D:10     | HP: 1/63 [something (11)]
 10086 | D:11     | Noticed a cyclops
 10104 | D:11     | Killed a cyclops
 10192 | D:11     | Found a staircase to the Lair.
 10211 | D:11     | HP: 2/64 [wyvern (4)]
 10211 | D:11     | Slain by a yak

Illustrated notes

Levels and vault maps discovered:
D:1:      minmay_arrival_four_houses, layout_rooms, serial_shops, shop_coins,
          minmay_vboxes
D:2:      layout_rooms, basic_altar, minmay_lizard_king
D:3:      layout_basic, mainiacjoe_overflow_24_doors, minmay_circle_x
D:4:      layout_rooms, mainiacjoe_overflow_six_doors_small,
          amcnicky_mini_corridor_feature, uniq_sigmund, uniq_ijyb
D:5:      layout_basic, grunt_decor_arrowhead, minivault_1
D:6:      layout_gridville, minmay_temple_entry_proselytizer,
          hangedman_decor_lopped, uniq_blork_the_orc
D:7:      layout_loops_ring, uniq_menkaure
D:8:      layout_basic
D:9:      layout_loops_ring, serial_shops, nicolae_square_shop,
          nicolae_lakefront_shop, shop, nicolae_shop_statue_plus,
          nicolae_shop_statue_plus, serial_undead, serial_undead_a,
          serial_undead_f, serial_undead_a, serial_undead_f
D:10:     minmay_inner_zag, layout_cave_pools, gammafunk_ghost_split
D:11:     layout_roguey, minmay_lair_entry_grove
Temple:   nicolae_temple_bog_church

Skill      XL: |  1  2  3  4  5  6  7  8  9 10 11 |
---------------+----------------------------------+-----
Short Blades   | 3 4 5 6 7 9 10 11 | 11.7
Dodging        | 2 3 4 6 7 9 10 | 10.4
Fighting       | 3 4 6 7 8 9 |  9.8
Stealth        | 6 7 9 10 12 13 | 13.3
Throwing       | |  2.1

Action                     |  1- 3 |  4- 6 |  7- 9 | 10-12 || total
---------------------------+-------+-------+-------+-------++-------
  Melee: Dagger            |    78 |   105 |   184 |   445 ||   812
         Punch             |     1 |     2 |     5 |     8 ||    16
 Invoke: Ancestor Life: He |       |       |     1 |       ||     1
         Recall Ancestor   |       |       |       |     2 ||     2
    Use: Potion            |     1 |       |       |     3 ||     4
   Stab: Sleeping          |    16 |    23 |    16 |     6 ||    61
         Distracted        |     1 |       |     5 |     5 ||    11
         Confused          |       |       |     7 |     8 ||    15
 Armour: Robe              |     6 |     7 |    13 |    43 ||    69
  Dodge: Dodged            |    36 |    40 |    90 |   269 ||   435
  Block: Other             |       |     6 |    32 |    68 ||   106

Table legend: (Time is in decaauts)
 A = Elapsed time spent in this place.
 B = Non-inter-level travel time spent in this place.
 C = Inter-level travel time spent in this place.
 D = Time resting spent in this place.
 E = Time spent auto-exploring this place.
 F = Levels seen in this place.
 G = Mean time per level.
                   A        B        C        D        E       F      G
               +--------+--------+--------+--------+--------+-----+--------+
         Total |   9915 |   9397 |    518 |    717 |   7349 |  12 |  826.2 |
       Dungeon |   9630 |   9136 |    494 |    717 |   7110 |  11 |  875.5 |
        Temple |    284 |    260 |     24 |      0 |    239 |   1 |  284.0 |
               +--------+--------+--------+--------+--------+-----+--------+

Top non-repeatable levels by time:
     D:9: 1444 daAuts
    D:10: 1338 daAuts
     D:5: 1182 daAuts
     D:7: 1102 daAuts
     D:8: 1050 daAuts
     D:3: 820 daAuts
     D:2: 678 daAuts
     D:6: 672 daAuts
     D:4: 602 daAuts
     D:1: 590 daAuts
  Temple: 284 daAuts
    D:11: 147 daAuts
